 Dungeon Crawl Stone Soup version 0.29-a0-322-g68df515428 (webtiles) character file.

Game seed: 16487801392795441818

14 GigaChad the Skirmisher (level 2, -2/27 HPs)
             Began as a Draconian Chaos Knight on Apr 7, 2022.
             Was a Follower of the Shining One (penitent).
             Slain by a frilled lizard (3 damage)
             ... on level 2 of the Dungeon.
             The game lasted 00:01:43 (219 turns).

GigaChad the Skirmisher (Draconian Chaos Knight)     Turns: 219, Time: 00:01:44

Health: -2/27      AC:  4    Str: 14    XL:     2   Next: 27%
Magic:  2/2        EV: 12    Int: 12    God:    the Shining One [*.....]
Gold:   0          SH:  0    Dex: 10    Spells: 1/1 levels left

rFire   . . .      SeeInvis .   a - +0 falchion (chaos)
rCold   . . .      Faith    .   (no shield)
rNeg    . . .      Spirit   .   (body armour unavailable)
rPois   .          Reflect  .   (helmet restricted)
rElec   .          Harm     .   (no cloak)
rCorr   .          Rampage  .   (no gloves)
Will    .....                   (no boots)
Stlth   +.........              (no amulet)
HPRegen 0.09/turn               (no ring)
MPRegen 0.08/turn               (no ring)

@: no status effects
A: AC +4, unfitting armour, cold-blooded
a: Renounce Religion


You were on level 2 of the Dungeon.
You worshipped the Shining One.
The Shining One was demanding penance.
You visited 1 branch of the dungeon, and saw 2 of its levels.

Inventory:

Hand Weapons
 a - a +0 falchion of chaos (weapon)
Potions
 c - a potion of attraction {unknown}
 d - a potion of resistance {unknown}
Miscellaneous
 b - a piece from Xom's chessboard (15/15) (quivered)


   Skills:
 + Level 3.6 Fighting
 + Level 3.3 Long Blades
 + Level 2.2 Dodging


You had one spell level left.
You didn't know any spells.
Your spell library was empty.

Dungeon Overview and Level Annotations

Branches:
Dungeon (2/15)

Altars:
The Shining One


Innate Abilities, Weirdness & Mutations

Your plain brown scales are hard. (AC +4)
You cannot fit into any form of body armour.
You are cold-blooded and may be slowed by cold attacks.


Message History

The frilled lizard hisses angrily.
You hear a shout!
The kobold moves out of view.
Found a chain mail and a leather armour.
A goblin comes into view. It is wielding a +0 dagger.
The bat hits you but does no damage.
There is a large open door here.
The bat misses you. The bat closely misses you.
The frilled lizard barely misses you.
The goblin unwields a +0 dagger.
The goblin wields a +0 hunting sling.
The goblin shoots a sling bullet.
The sling bullet hits you.
You enter the shallow water.
Moving in this stuff is going to be slow.
The kobold shouts!
The bat barely misses you. The frilled lizard bites you.
* * * LOW HITPOINT WARNING * * *
Your unstable footing causes you to fumble your attack.
The bat hits you.
* * * LOW HITPOINT WARNING * * *
The goblin unwields a +0 hunting sling.
The goblin wields a +0 dagger.
The goblin barely misses you. The frilled lizard bites you.
* * * LOW HITPOINT WARNING * * *
You feel guilty. "You will pay for your transgression, mortal!"
You hit the goblin.
You kill the goblin!
The bat closely misses you. The bat hits you but does no damage.
The frilled lizard closely misses you.
The kobold hits you with a +0 short sword.
* * * LOW HITPOINT WARNING * * *
The frilled lizard attacks as you move away!
The frilled lizard bites you. The Shining One protects you from harm!
The bat closely misses you. The kobold hits you but does no damage.
The frilled lizard bites you.
* * * LOW HITPOINT WARNING * * *
Things that are here:
a +0 dagger; a +0 hunting sling; a +0 leather armour You barely miss the bat.
The bat barely misses you. The kobold barely misses you.
The frilled lizard bites you.
You die...

#.#
##...##
###.#
##+##
#!..#
#...#
#''##
♣♣♣..♣♣♣
♣......♣
#♣..l≈8.♣#
+..K@[b..+
+..≈..≈..+
#♣.8≈≈..♣#
♣......♣
♣♣♣..♣♣♣
#++#


You could see a bat, a kobold and a frilled lizard.

Vanquished Creatures
  2 endoplasms (D:1)
  A giant cockroach (D:1)
  A hobgoblin (D:1)
  A ball python (D:1)
  2 frilled lizards
  4 goblins
  2 rats
13 creatures vanquished.

Vanquished Creatures (others)
  A rat (D:1)
1 creature vanquished.

Grand Total: 14 creatures vanquished

Notes
Turn   | Place    | Note
-------+----------+-------------------------------------------
     0 | D:1      | GigaChad the Draconian Chaos Knight began the quest for the
                  | Orb.
     0 | D:1      | Reached XP level 1. HP: 19/19 MP: 1/1
    39 | D:1      | Found a faded altar of an unknown god.
    60 | D:1      | XOM: potion effect (curing)
    68 | D:1      | XOM: divination: detect creatures
    70 | D:1      | Reached XP level 2. HP: 26/26 MP: 2/2
    80 | D:1      | Prayed at the altar of an unknown god.
    80 | D:1      | Fell from the grace of Xom
    80 | D:1      | Became a worshipper of the Shining One
    80 | D:1      | Reached * piety under the Shining One
   169 | D:2      | Was placed under penance by the Shining One
   218 | D:2      | The Shining One protects you from harm!
   218 | D:2      | HP: 1/27 [frilled lizard (1)]
   219 | D:2      | Slain by a frilled lizard

Illustrated notes

Levels and vault maps discovered:
D:1:      ncdulo_wetmaze, layout_rooms, hellmonk_ecumenical_altar_arch_garden
D:2:      kennysheep_six_static_rooms, layout_loops_corners,
          kennysheep_generic_room_7

Action                   || total
-------------------------++-------
Melee: Falchion          ||    23
       Tailslap          ||     2
Armor: Skin              ||    25
Dodge: Dodged            ||    67

Table legend: (Time is in decaauts)
 A = Elapsed time spent in this place.
 B = Non-inter-level travel time spent in this place.
 C = Inter-level travel time spent in this place.
 D = Time resting spent in this place.
 E = Time spent auto-exploring this place.
 F = Levels seen in this place.
 G = Mean time per level.
                   A        B        C        D        E       F      G
               +--------+--------+--------+--------+--------+-----+--------+
         Total |    230 |    230 |      0 |      0 |     32 |   2 |  115.0 |
       Dungeon |    230 |    230 |      0 |      0 |     32 |   2 |  115.0 |
               +--------+--------+--------+--------+--------+-----+--------+

Top non-repeatable levels by time:
     D:1: 157 daAuts
     D:2: 73 daAuts
